 Dungeon Crawl Stone Soup version 0.17-a0-1337-ge651487 (webtiles) character file.

68 nuthulu the Chopper (level 4, -4/35 HPs)
             Began as a Demonspawn Gladiator on June 10, 2015.
             Killed by nerve-wracking pain
             ... invoked by emikaela's ghost
              (12 damage)
             ... on level 3 of the Dungeon.
             The game lasted 00:06:47 (2013 turns).

nuthulu the Chopper (Demonspawn Gladiator)          Turns: 2013, Time: 00:06:47

Health: -4/35      AC:  6    Str: 16    XL:     4   Next: 1%
Magic:  4/4        EV: 18    Int:  9    God:
Gold:   143        SH:  0    Dex: 19    Spells: 0 memorised, 3 levels left

rFire  . . .     SeeInvis .     a - +0 war axe
rCold  . . .     Clarity  .     b - +0 leather armour
rNeg   . . .     SustAt   .     (no shield)
rPois  .         Gourm    .     c - +2 helmet
rElec  .         Spirit   .     (no cloak)
rCorr  .         Warding  .     (no gloves)
rMut   .         Stasis   .     (no boots)
MR     .....                    (no amulet)
Stlth  ++........               (no ring)
                                (no ring)

@: agile, not resistant to hostile enchantments, unstealthy
A: claws 1, powered by death 1
a: no special abilities


You were on level 3 of the Dungeon.
You were not hungry.

You visited 1 branch of the dungeon, and saw 3 of its levels.

You collected 143 gold pieces.

Inventory:

Hand weapons
 a - a +0 war axe (weapon)
Missiles
 d - 5 throwing nets (quivered)
Armour
 b - a +0 leather armour (worn)
 c - a +2 helmet (worn)
Jewellery
 o - an uncursed ring of invisibility {unknown}
Scrolls
 f - a scroll of teleportation
 p - a scroll of noise {unknown}
 q - a scroll of identify
Potions
 h - a potion of might {unknown}
 i - a potion of heal wounds
 j - 2 potions of brilliance
 k - a potion of haste {unknown}
 m - a potion of curing {unknown}
 n - a potion of flight
Comestibles
 e - 4 bread rations
 l - 2 meat rations


   Skills:
 * Level 3.3 Fighting
 * Level 3.6 Axes
 - Level 1.7 Throwing
 - Level 2.6 Dodging


You had 3 spell levels left.
You didn't know any spells.

Dungeon Overview and Level Annotations

Branches:
Dungeon (3/15)

Altars:
Makhleb

Annotations:
D:3 emikaela's ghost, average DsNe


Innate Abilities, Weirdness & Mutations

You have sharp fingernails.
You regenerate a little health from kills.


Message History

You feel much better. Emikaela's ghost hits you.
You hit emikaela's ghost but do no damage.
Emikaela's ghost is moderately damaged.
Emikaela's ghost hits you.
You miss emikaela's ghost.
Emikaela's ghost is moderately damaged.
Emikaela's ghost barely misses you.
You completely miss emikaela's ghost.
Emikaela's ghost is moderately damaged.
Emikaela's ghost stares at you. Emikaela's ghost hits you. x2
* * * LOW HITPOINT WARNING * * *
You hit emikaela's ghost.
Emikaela's ghost is moderately damaged.
Emikaela's ghost hits you but does no damage.
You closely miss emikaela's ghost.
Emikaela's ghost is moderately damaged.
Emikaela's ghost gestures at you while chanting.
Pain shoots through your body!
You die...

.........#
##.......#####
....#.#......###
##..#.#..###....
##..#.#.........
...#.#.........
#.#.#.[###....
#[W.....?.....
#@#.#..###....
#......# ..
#......#
#..##..#
#..###...+ #..#
.### #..# ##
#..# ....


You could see emikaela's ghost.

Vanquished Creatures
  3 adders (D:2)
  A worm (D:2)
  An orc (D:3)
  A ball python (D:2)
  6 bats
  3 hobgoblins
  4 jackals (D:2)
  A quokka (D:2)
  2 giant geckos (D:1)
  3 giant newts
  2 goblins
  7 kobolds
  4 rats
38 creatures vanquished.

Notes
Turn   | Place    | Note
--------------------------------------------------------------
     0 | D:1      | nuthulu the Demonspawn Gladiator began the quest for the Orb.
     0 | D:1      | Reached XP level 1. HP: 16/16 MP: 1/1
   299 | D:1      | Reached skill level 3 in Axes
   299 | D:1      | Gained mutation: You regenerate a little health from kills. [demonic ancestry]
   299 | D:1      | Reached XP level 2. HP: 18/23 MP: 2/2
  1100 | D:2      | Gained mutation: You have sharp fingernails. [demonic ancestry]
  1100 | D:2      | Reached XP level 3. HP: 20/29 MP: 3/3
  1619 | D:2      | Found a burning altar of Makhleb.
  1981 | D:3      | Noticed emikaela's ghost (average DsNe)
  1998 | D:3      | Reached XP level 4. HP: 24/35 MP: 4/4
  2013 | D:3      | Killed from afar by emikaela's ghost

Vault maps used:
D:1:      lightli_arrival_lavapool, supply_closet_lemuel, hex_medium
D:2:      bloody_makhleb
D:3:      nemelex_diamond_rough_becter

Action                   |  1- 3 |  4- 6 || total
-------------------------+-------+-------++-------
Melee: War axe           |   127 |    14 ||   141
  Use: Scroll            |     7 |       ||     7
       Potion            |     3 |     1 ||     4
  Eat: Chunk             |     2 |       ||     2
       Bread ration      |     1 |       ||     1
